Map: Jagannatha LE

Players

Jintro - Winner!

  • Race: Zerg Zerg
  • League: Diamond
  • Spawn Location: 7:00

Massa

  • Race: Terran Terran
  • League: Platinum
  • Spawn Location: 1:00

VOD

Have the link to the VOD?

Description

Time

  • Played on: Jan. 22, 2021, 11:19 a.m.
  • Length: 16:00
Show
View Real Time Build Order
Export as new Build Order

Jintro Zerg - Winner!

Build Orders: Hatch First 

Get SALT Encoding   

  12  0:00  Drone  
  13  0:12  Overlord  
  13  0:17  Drone  
  14  0:31  Drone x2  
  16  0:37  Drone  
  17  0:54  Hatchery  
  17  0:55  Drone  
  17  1:00  Drone  
  18  1:09  Extractor  
  17  1:16  Spawning Pool  
  16  1:18  Drone  
  16  1:22  Drone  
  18  1:32  Drone  
  19  1:39  Drone  
  20  1:50  Drone  
  21  2:01  Overlord  
  21  2:18  Zergling x6  
  21  2:19  Metabolic Boost  
  25  2:22  Drone  
  25  2:23  Queen x2  
  29  2:38  Hatchery  
  29  2:43  Drone x3  
  31  3:12  Drone x5  
  35  3:15  Overlord  
  35  3:27  Overlord x2  
  35  3:33  Queen x2  
  39  3:37  Drone  
  39  3:38  Drone  
  41  3:43  Spine Crawler  
  41  3:44  Spine Crawler  
  41  3:46  Spine Crawler  
  39  3:48  Zergling x4  
  40  3:57  Queen  
  40  4:00  Zergling x4  
  44  4:06  Baneling Nest  
  41  4:25  Zergling x6  
  41  4:26  Zergling x14  
  41  4:27  Zergling x2  
  52  4:39  Drone x5  
  52  4:40  Drone  
  58  4:46  Lair  
  58  4:53  Pneumatized Carapace  
  58  5:23  Drone x4  
  58  5:24  Drone x3  
  65  5:38  Baneling x3  
  65  5:39  Baneling x7  
  65  5:40  Baneling x2  
  65  5:42  Overlord x6  
  65  5:43  Overlord x2  
  65  5:50  Overlord  
  65  5:51  Evolution Chamber  
  65  5:52  Evolution Chamber  
  57  6:12  Overlord x3  
  57  6:14  Overseer  
  57  6:18  Queen x3  
  49  6:45  Drone  
  49  6:46  Drone x7  
  49  6:47  Drone x3  
  57  6:51  Drone x2  
  57  6:52  Drone x7  
  57  6:53  Drone  
  67  7:06  Extractor  
  67  7:07  Zerg Melee Weapons Level 1  
  66  7:09  Drone x2  
  66  7:10  Drone  
  66  7:14  Extractor  
  68  7:16  Extractor  
  68  7:18  Extractor  
  68  7:20  Extractor  
  65  7:25  Overseer  
  65  7:32  Hatchery  
  64  7:42  Drone x3  
  64  7:43  Drone x3  
  70  7:44  Drone x2  
  70  7:45  Drone x4  
  70  7:50  Drone x2  
  70  7:51  Drone  
  79  8:04  Zergling x2  
  79  8:05  Zergling x10  
  85  8:13  Zergling x12  
  85  8:15  Centrifical Hooks  
  85  8:18  Zerg Ground Armor Level 1  
  91  8:30  Drone x6  
  97  8:45  Zergling x4  
  97  8:46  Zergling x14  
  106  8:49  Overseer  
  106  8:50  Hatchery  
  105  9:00  Drone x3  
  108  9:06  Zerg Melee Weapons Level 2  
  108  9:08  Hatchery  
  107  9:14  Zergling x10  
  112  9:18  Zergling x8  
  112  9:19  Baneling  
  112  9:20  Baneling x16  
  112  9:21  Baneling x13  
  116  9:28  Extractor  
  116  9:29  Extractor  
  114  9:40  Drone x3  
  114  9:41  Drone x3  
  114  9:42  Drone  
  114  9:44  Spine Crawler  
  114  9:45  Zergling x18  
  125  9:46  Spine Crawler, Zergling x2  
  129  10:11  Infestation Pit  
  128  10:14  Zerg Ground Armor Level 2  
  128  10:16  Hydralisk Den  
  128  10:20  Zergling x2  
  128  10:21  Zergling x30  
  143  10:41  Zergling x10  
  148  10:43  Overlord x7  
  148  10:44  Overlord x4  
  148  10:54  Baneling x16  
  148  10:55  Baneling x18  
  148  11:02  Drone x3  
  148  11:03  Drone x6  
  157  11:05  Zergling x2  
  157  11:06  Zergling x16  
  166  11:15  Zergling x4  
  166  11:16  Zergling x4  
  166  11:17  Zergling x14  
  177  11:22  Zerg Missile Weapons Level 1  
  123  11:41  Zergling x8  
  123  11:42  Zergling x30  
  135  11:47  Baneling  
  135  11:48  Baneling x11  
  135  11:55  Zergling x2  
  135  11:56  Zergling x26  
  149  12:12  Drone x5  
  149  12:13  Drone x4  
  153  12:28  Hatchery  
  139  12:30  Zergling x6  
  139  12:31  Zergling x34  
  140  12:41  Hydralisk x5  
  150  12:53  Baneling  
  150  12:54  Baneling x12  
  150  12:55  Hive  
  150  12:56  Muscular Augments  
  150  13:25  Baneling x3  
  150  13:26  Baneling x17, Hydralisk x2  
  150  13:27  Hydralisk x14  
  182  13:37  Extractor  
  182  13:38  Extractor  
  180  13:43  Drone x6  
  180  13:45  Zergling x2  
  180  13:46  Zergling x24  
  199  14:08  Grooved Spines, Adrenal Glands  
  191  14:30  Zergling x2  
  191  14:31  Zergling x48  
  174  14:32  Zergling x30  
  190  14:40  Zergling x4  
  181  15:01  Zergling x8  
  181  15:02  Zergling x20  
  192  15:21  Zergling x24  
  181  15:26  Zergling x2  
  181  15:27  Zergling x12  
  195  15:37  Zergling x2  
  195  15:38  Zergling x8  
  195  15:42  Overseer  
Show
View Real Time Build Order
Export as new Build Order

Massa Terran 

Build Orders:  

Get SALT Encoding   

  12  0:00  SCV  
  13  0:12  SCV  
  14  0:20  Supply Depot  
  14  0:24  SCV  
  15  0:42  SCV  
  16  0:43  Barracks  
  16  0:45  Refinery  
  16  0:54  SCV  
  17  1:06  SCV  
  18  1:18  SCV  
  19  1:33  Orbital Command  
  19  1:42  Command Center  
  19  1:45  Barracks Reactor  
  19  2:00  SCV  
  20  2:10  Supply Depot  
  20  2:12  SCV, Factory  
  21  2:21  Marine x2  
  23  2:31  SCV  
  24  2:39  Supply Depot  
  24  2:43  SCV  
  25  2:45  Marine x2  
  27  2:55  Orbital Command  
  27  2:57  SCV  
  28  3:02  Marine, Supply Depot  
  28  3:03  Marine  
  30  3:09  SCV  
  31  3:21  SCV  
  32  3:30  Barracks Tech Lab  
  32  3:32  Starport  
  32  3:34  Hellion x2  
  36  3:48  SCV x2  
  38  3:55  Hellion x2  
  42  3:58  Command Center  
  42  4:02  Supply Depot  
  42  4:17  Barracks Tech Lab  
  38  4:27  SCV x2, Banshee  
  38  4:30  Cloaking Field  
  43  4:39  SCV  
  44  4:50  SCV  
  44  4:51  SCV  
  46  4:54  Barracks  
  46  4:59  Barracks x2  
  46  5:01  Engineering Bay  
  46  5:02  SCV  
  46  5:03  SCV  
  46  5:06  Refinery  
  48  5:07  Armory  
  48  5:10  Widow Mine x2  
  52  5:15  SCV x2  
  47  5:24  Marine  
  47  5:27  SCV x3, Engineering Bay  
  51  5:31  Widow Mine  
  51  5:32  Refinery  
  51  5:34  Refinery  
  51  5:39  SCV  
  51  5:42  Marine x2  
  54  5:52  Barracks Reactor, Barracks Tech Lab  
  53  5:59  Marine  
  53  6:00  Marine  
  55  6:10  Widow Mine  
  55  6:11  Widow Mine  
  58  6:13  Marine  
  58  6:17  Marine  
  58  6:18  Marine  
  46  6:31  Marine  
  41  6:35  SCV x2, Marine  
  41  6:36  Marine  
  41  6:47  SCV x2  
  41  6:50  Widow Mine  
  41  6:51  Widow Mine, Marine  
  41  6:52  Marauder, Marine  
  41  6:53  Marine  
  52  6:59  SCV, Supply Depot  
  53  7:11  Marauder  
  53  7:13  Marauder  
  57  7:17  Missile Turret  
  57  7:20  SCV  
  57  7:21  Missile Turret  
  59  7:28  Planetary Fortress  
  59  7:29  SCV  
  59  7:32  SCV  
  59  7:33  Terran Vehicle Weapons Level 1  
  59  7:34  Terran Infantry Armor Level 1, Terran Infantry Weapons Level 1  
  60  7:41  SCV  
  60  7:42  Missile Turret  
  61  7:44  SCV  
  61  7:48  Starport  
  62  7:53  SCV  
  62  7:55  Siege Tank  
  66  8:00  SCV  
  67  8:05  SCV  
  67  8:09  SCV  
  69  8:13  SCV  
  69  8:18  SCV  
  71  8:21  SCV  
  71  8:24  Missile Turret  
  71  8:25  SCV  
  73  8:30  SCV  
  73  8:33  SCV  
  75  8:34  Siege Tank  
  78  8:41  Medivac x2  
  82  8:51  Sensor Tower  
  82  8:52  SCV  
  82  8:53  SCV x2  
  85  9:04  Supply Depot  
  85  9:06  Supply Depot  
  85  9:12  Missile Turret  
  85  9:20  Barracks Reactor  
  85  9:25  SCV x3  
  85  9:26  Marauder x2  
  85  9:28  Siege Tank  
  85  9:30  Sensor Tower  
  95  9:37  SCV  
  95  9:38  SCV x2  
  98  9:39  Stimpack, Combat Shield  
  98  9:47  Marauder  
  98  9:49  Refinery  
  98  9:50  SCV  
  101  9:55  Refinery  
  101  10:01  Supply Depot x2  
  101  10:02  Supply Depot x2  
  101  10:22  SCV x2, Marine x4, Viking x2  
  101  10:23  SCV, Marauder x2  
  101  10:25  Supply Depot  
  101  10:27  Siege Tank, Supply Depot  
  119  10:35  SCV x3  
  122  10:44  Marauder  
  122  10:47  SCV x3  
  127  10:58  Concussive Shells  
  127  10:59  SCV x3  
  130  11:11  SCV x3  
  132  11:12  Command Center x2  
  132  11:18  Marauder x2, Marine x4  
  137  11:23  SCV x3  
  132  11:35  SCV  
  132  11:36  Marine x4  
  132  11:39  Marauder  
  132  11:40  Marauder  
  127  11:49  Command Center  
  127  11:54  Marine  
  127  11:57  Marine  
  127  11:58  Marine x2  
  127  11:59  Siege Tank  
  134  12:07  Supply Depot  
  134  12:15  Marine  
  134  12:23  Marauder x2, Marine x3, Medivac  
  98  12:40  Marine  
  98  12:41  Marine x3  
  97  12:44  Marine  
  97  12:45  Marauder  
  97  12:49  Planetary Fortress  
  100  13:00  Siege Tank  
  100  13:03  Marauder  
  100  13:05  Planetary Fortress  
  105  13:06  Marauder  
  103  13:24  Marauder  
  105  13:33  Marauder, Marine x3, Siege Tank  
  105  13:34  Marine  
  114  13:41  Terran Infantry Armor Level 2, Terran Infantry Weapons Level 2  
  114  13:43  Factory x2  
  114  13:44  Medivac x2  
  114  13:45  Marauder  
  114  13:48  SCV x4  
  122  13:51  Marine x3  
  122  13:55  Marauder  
  129  14:00  SCV x2  
  131  14:05  Siege Tank  
  131  14:06  Marine  
  131  14:07  Marauder  
  131  14:09  Marine x3  
  140  14:13  Sensor Tower  
  140  14:16  Marauder, Medivac  
  140  14:17  Medivac  
  146  14:28  Marauder  
  113  14:32  Marine x4  
  113  14:37  Siege Tank  
  113  14:38  Marauder  
  89  14:49  Marine  
  89  14:50  Marauder, Marine x3  
  88  14:59  Widow Mine x2, Marauder  
  65  15:07  Marine x3  
  65  15:08  Marine  
  65  15:11  Marauder  
  57  15:20  Widow Mine x2, Marauder  
  52  15:25  Marine x4  
  49  15:32  Marauder  
Tags
 
Matchup
TvZ
Replay Pack
Multiplayer
Spawn Locations
Cross Positions
Add a new tag
Caveats
  • Supply blocks, unpowered buildings, or Contaminate may cause inaccurate times.
  • Supply counts are checked every 10 seconds.